 Dungeon Crawl Stone Soup version 0.22-a0-776-ge6d7efa (webtiles) character file.

162 Hebeh the Firebug (level 5, -5/28 HPs)
             Began as a Deep Elf Fire Elementalist on July 18, 2018.
             Slain by an orc warrior
             ... wielding a +0 short sword
              (11 damage)
             ... on level 2 of the Dungeon.
             The game lasted 00:07:20 (2497 turns).

Hebeh the Firebug (Deep Elf Fire Elementalist)      Turns: 2497, Time: 00:07:21

Health: -5/28      AC:  2    Str:  5    XL:     5   Next: 19%
Magic:  0/13       EV: 13    Int: 21    God:
Gold:   91         SH:  0    Dex: 15    Spells: 6/12 levels left

rFire    . . .     SeeInvis .   a - +2 short sword (elec)
rCold    . . .     Gourm    .   (no shield)
rNeg     . . .     Faith    .   d - +0 robe
rPois    .         Spirit   .   (no helmet)
rElec    .         Reflect  .   (no cloak)
rCorr    .         Harm     .   (no gloves)
MR       .....                  (no boots)
Stlth    ++........             (no amulet)
HPRegen  0.09/turn              (no ring)
MPRegen  0.13/turn              (no ring)

@: very slightly contaminated
A: no striking features
a: no special abilities


You were on level 2 of the Dungeon.
You were very hungry.

You visited 1 branch of the dungeon, and saw 2 of its levels.

You collected 91 gold pieces.

Inventory:

Hand Weapons
 a - a +2 short sword of electrocution (weapon)
Missiles
 g - 21 stones (quivered)
 l - 15 sling bullets
Armour
 d - a +0 robe (worn)
Scrolls
 b - 2 scrolls of remove curse {unknown}
 e - a scroll of amnesia {unknown}
 h - 3 scrolls of teleportation {unknown}
 i - 2 scrolls of blinking {unknown}
 k - a scroll of identify {unknown}
 n - a scroll of enchant weapon {unknown}
Potions
 f - a potion of degeneration {unknown}
 j - 5 potions of heal wounds {unknown}
 m - a potion of curing {unknown}
Comestibles
 c - 7 rations


   Skills:
 - Level 2.5 Dodging
 - Level 2.5 Stealth
 + Level 4.3 Spellcasting
 * Level 3.9 Conjurations
 + Level 4.3 Fire Magic


You had 6 spell levels left.
You knew the following spells:

 Your Spells              Type           Power        Failure   Level  Hunger
a - Flame Tongue          Conj/Fire      ###..        1%          1    None
b - Throw Flame           Conj/Fire      ###...       3%          2    #......
c - Conjure Flame         Conj/Fire      ###.....     6%          3    ##.....

Your spell library contained the following spells:

 Spells                   Type           Power        Failure   Level  Hunger
 Fireball                 Conj/Fire      ###.......   50%         5    ######.
 Sticky Flame             Conj/Fire      ###.....     21%         4    ####...
 Inner Flame              Hex/Fire       ##......     14%         3    ##.....


Dungeon Overview and Level Annotations

Branches:
Dungeon (2/15)

Altars:


Message History

The orc wizard mumbles some strange words.
The orc wizard blinks!
Casting: Flame Tongue (safe; 1% risk of failure)
Confirm with . or Enter, or press ? or * to list all spells.
Aiming: Flame Tongue (safe; 1% risk of failure)
Press: ? - help, Shift-Dir - straight line, f/p - orc warrior
Aim: an orc warrior, wielding a short sword and wearing a plate armour (heavily wounded)
The flame tongue hits the orc warrior.
The orc warrior appears unharmed.
The orc warrior is heavily wounded.
The orc warrior hits you with a short sword.
* * * LOW HITPOINT WARNING * * *
Casting: Flame Tongue (safe; 1% risk of failure)
Confirm with . or Enter, or press ? or * to list all spells.
Aiming: Flame Tongue (safe; 1% risk of failure)
Press: ? - help, Shift-Dir - straight line, f/p - orc warrior
Aim: an orc warrior, wielding a short sword and wearing a plate armour (heavily wounded)
The flame tongue hits the orc warrior.
The orc warrior is severely wounded.
The orc warrior hits you with a short sword!
You die...

#########
#.......#
#....##@#
####....##o#
#.......##o#
#.########.# ###
#.# #.# ..#####.#
#.# ..+....>####..
#ยง#
..###......'...#.#
..###.#.####...#.#


You could see an orc warrior and an orc.

Vanquished Creatures
  A crimson imp (D:1)
  5 adders (D:2)
  4 gnolls
  An ooze (D:2)
  2 dart slugs (D:2)
  A worm (D:2)
  3 leopard geckos (D:1)
  An orc (D:2)
  2 giant cockroaches (D:2)
  2 goblins
  A hobgoblin (D:1)
  A quokka (D:2)
  2 ball pythons
  4 bats
  3 frilled lizards
  6 kobolds
  3 rats (D:2)
42 creatures vanquished.

Notes
Turn   | Place    | Note
-------+----------+-------------------------------------------
     0 | D:1      | Hebeh the Deep Elf Fire Elementalist began the quest for the Orb.
     0 | D:1      | Reached XP level 1. HP: 10/10 MP: 6/6
   446 | D:1      | Reached XP level 2. HP: 15/15 MP: 6/8
   874 | D:1      | You fall through a shaft!
   948 | D:2      | Noticed a crimson imp
  1003 | D:2      | Reached XP level 3. HP: 10/19 MP: 10/10
  1237 | D:2      | Learned a level 2 spell: Throw Flame
  1468 | D:1      | Reached XP level 4. HP: 17/24 MP: 5/11
  1977 | D:2      | Reached XP level 5. HP: 28/28 MP: 8/13
  2477 | D:2      | Noticed an orc warrior
  2491 | D:2      | Learned a level 3 spell: Conjure Flame
  2497 | D:2      | Slain by an orc warrior

Vault maps used:
D:1:      minmay_arrival_split_and_join
D:2:      yredelemnul_altar_generic, grunt_ministairs_4

Skill      XL: |  1  2  3  4 |
---------------+-------------+-----
Conjurations   | 2 3 |  3.9
Fire Magic     | 4 |  4.3
Spellcasting   | 4 |  4.3
Dodging        | |  2.5
Stealth        | |  2.5

Action                   |  1- 3 |  4- 6 || total
-------------------------+-------+-------++-------
Melee: Short sword       |    13 |       ||    13
Throw: Stone             |    15 |       ||    15
 Cast: Flame Tongue      |    32 |    29 ||    61
       Throw Flame       |     5 |    21 ||    26
  Eat: Chunk             |     2 |     2 ||     4
Armor: Robe              |     3 |     3 ||     6
Dodge: Dodged            |    31 |     6 ||    37

Table legend:
 A = Spawn XP
 B = Non-spawn XP
 C = Spawn XP percentage of total XP
 D = Spawn monster count
 E = Non-spawn monster count
 F = Spawn count percentage of total count
 G = Total turns spent on level
                    A         B        C        D         E        F      G
               +---------+---------+-------+---------+---------+-------+---------
         Total |       0 |     232 |   0.0 |       0 |      42 |   0.0 |  2497
               +---------+---------+-------+---------+---------+-------+---------
           D:1 |       0 |      80 |   0.0 |       0 |      14 |   0.0 |  1321
           D:2 |       0 |     152 |   0.0 |       0 |      28 |   0.0 |  1176
               +---------+---------+-------+---------+---------+-------+---------
